 Dungeon Crawl Stone Soup version 0.31-a0-1308-ga3cce3a448 (webtiles) character file.

Game seed: 11137356699093101128

217 grandjackal the Slasher (level 5, -1/42 HPs)
             Began as a Demonspawn Gladiator on Dec 19, 2023.
             Was an Initiate of Lugonu.
             Splashed by a jelly's acid (2 damage)
             ... on level 4 of the Dungeon.
             The game lasted 00:03:39 (2591 turns).

grandjackal the Slasher (Demonspawn Gladiator)      Turns: 2591, Time: 00:03:40

Health: -1/42      AC: -8    Str: 14    XL:     5   Next: 62%
Magic:  5/5        EV: 12    Int:  8    God:    Lugonu [......]
Gold:   240        SH:  5    Dex: 17    Spells: 4/4 levels left

rFire   . . .        a - +0 long sword
rCold   + . .        (no shield)
rNeg    . . .        o - +0 scale mail
rPois   .            c - +0 helmet
rElec   .            (no cloak)
rCorr   .            (no gloves)
SInv    .            v - +0 pair of boots
Will    .....        j - amulet of reflection Stlth
                     r - ring of protection from cold
HPRegen 0.27/turn    (no ring)
MPRegen 0.09/turn

%: reflection
@: corroded
A: repulsion field 1, demonic magic 1
a: Renounce Religion


You were on level 4 of the Dungeon.
You worshipped Lugonu.
Lugonu was noncommittal.
You visited 2 branches of the dungeon, and saw 5 of its levels.

You collected 305 gold pieces.
You spent 65 gold pieces at shops.

Inventory:

Hand Weapons
 a - a +0 long sword (weapon)
 t - a +0 dagger of draining
Missiles
 d - 4 throwing nets (quivered)
 e - a javelin
Armour
 c - a +0 helmet (worn)
 o - a +0 scale mail (worn)
 v - a +0 pair of boots (worn)
Jewellery
 j - an amulet of reflection (around neck)
 m - an amulet of guardian spirit
 r - a ring of protection from cold (left hand)
Scrolls
 b - a scroll of fear {unknown}
 g - 2 scrolls of identify {unknown}
 h - 2 scrolls of amnesia {unknown}
 k - a scroll of blinking {unknown}
 n - a scroll of teleportation {unknown}
 p - a scroll of fog {unknown}
 q - a scroll of acquirement {unknown}
 w - a scroll of butterflies {unknown}
 y - a scroll of noise {unknown}
Potions
 f - a potion of haste {unknown}
 i - a potion of enlightenment {unknown}
 l - a potion of heal wounds
 s - a potion of invisibility {unknown}
 u - a potion of might {unknown}
 x - a potion of mutation {unknown}
 z - a potion of cancellation {unknown}


   Skills:
 + Level 3.6 Fighting
 + Level 3.9 Long Blades
 - Level 2.0 Throwing
 + Level 3.9 Dodging
 + Level 1.3 Invocations


You had 4 spell levels left.
You didn't know any spells.
Your spell library contained the following spells:

 Spells                   Type           Power      Damage    Failure   Level
 Cigotuvi's Dreadful Rot  Necr/Pois/Air  0%         N/A       96%         2
 Ignite Poison            Fire/Tmut/Pois 0%         N/A       99%         3
 Freezing Cloud           Conj/Ice/Air   0%         6-21      100%        5


Dungeon Overview and Level Annotations

Branches:
Dungeon (4/15)             Temple (1/1) D:4

Altars:
Dithmenos
Hepliaklqana
Ru
Trog
Uskayaw
Wu Jian
Xom
Yredelemnul
Lugonu

Shops:
D:2 !


Innate Abilities, Weirdness & Mutations

You are surrounded by a mild repulsion field. (EV +2)
Spells you cast may paralyse adjacent enemies.


Message History

z - a purple potion
Found a sling.
A jelly comes into view.
There is an open door here.
You hit the jelly.
Your hands burn!
The jelly is lightly wounded.
The jelly jiggles.
The jelly hits you but does no damage.
You hit the jelly. The acid corrodes you!
Your hands burn!
The jelly is lightly wounded.
The jelly misses you.
You hit the jelly.
Your hands burn!
The jelly is lightly wounded.
You block the jelly's attack. The jelly hits you but does no damage.
You hit the jelly. The acid corrodes you!
Your hands burn!
The jelly is moderately wounded.
The jelly hits you. The acid corrodes you!
You are splashed with acid!
You hit the jelly but do no damage. The acid corrodes you!
Your hands burn!
The jelly is moderately wounded.
The jelly hits you.
You are splashed with acid!
* * * LOW HITPOINT WARNING * * *
Throw: 5 throwing nets
Press: ? - help, Q - select action, (/) - cycle Shift-Dir - straight line, f - jelly
Aim: a jelly (moderately wounded, 89% to hit, immune to nets)
You throw a throwing net. The throwing net hits the jelly.
The jelly effortlessly oozes through the net!
The jelly is moderately wounded.
The jelly barely misses you.
You hit the jelly but do no damage.
Your hands burn!
* * * LOW HITPOINT WARNING * * *
The jelly is lightly wounded.
You block the jelly's attack.
You barely miss the jelly.
The jelly is lightly wounded.
The jelly hits you.
* * * LOW HITPOINT WARNING * * *
You are splashed with acid!
* * * LOW HITPOINT WARNING * * *
You hit the jelly but do no damage.
Your hands burn!
You die...

### #.# #.# #.#
#####.# #####+####
#
#.....###.........
.+
#.###.............
##.# #@#
#####.........
...# ........J.#
#......... .#
...##..$..#
#####'###. .#
#.....# ###.###.
.# #.....#
#....... .#
....).. #####.....
.## .........
#......... ..#
...........
#......... .####
#.........


You could see a jelly.

Vanquished Creatures
  A sleepcap (D:4)
  2 hounds
  6 adders
  A worm (D:2)
  5 orcs
  4 endoplasms
  4 giant cockroaches
  6 hobgoblins
  2 jackals (D:1)
  4 quokkas
  3 ball pythons
  5 bats
  4 frilled lizards
  8 goblins
  7 kobolds
  5 rats
67 creatures vanquished.

Notes
Turn   | Place    | Note
-------+----------+-------------------------------------------
     0 | D:1      | grandjackal the Demonspawn Gladiator began the quest for
                  | the Orb.
     0 | D:1      | Reached XP level 1. HP: 16/16 MP: 1/1
   134 | D:1      | Gained mutation: You are surrounded by a mild repulsion
                  | field. (EV +2) [demonic ancestry]
   134 | D:1      | Reached XP level 2. HP: 22/22 MP: 2/2
   527 | D:1      | Reached XP level 3. HP: 13/28 MP: 3/3
   943 | D:2      | Found Adesm's Distillery.
   949 | D:2      | Bought a potion of heal wounds for 65 gold pieces
  1461 | D:2      | Reached XP level 4. HP: 34/34 MP: 4/4
  2024 | D:3      | Found a hazy altar of Hepliaklqana.
  2226 | D:4      | Gained mutation: Spells you cast may paralyse adjacent
                  | enemies. [demonic ancestry]
  2226 | D:4      | Reached XP level 5. HP: 41/41 MP: 5/5
  2309 | D:4      | Found a staircase to the Ecumenical Temple.
  2334 | Temple   | Entered the Ecumenical Temple
  2356 | Temple   | Became a worshipper of Lugonu the Unformed
  2379 | D:4      | Found an ornate altar of the Wu Jian Council.
  2467 | D:4      | Reached skill level 1 in Invocations
  2590 | D:4      | HP: 1/42 [acid (7)]
  2591 | D:4      | Splashed by a jelly's acid

Illustrated notes

Levels and vault maps discovered:
D:1:      wander_arrival_chamber, layout_basic
D:2:      layout_loops_corners, serial_shops, shop, st_stairs_9,
          minmay_misc_feat_five, grunt_ministairs_10
D:3:      layout_basic, mainiacjoe_overflow_surrounded_room,
          minmay_gold_behind_fungi, minmay_misc_feat_more_columns,
          minmay_bisected
D:4:      layout_basic, minitemple, nicolae_wu_jian_wuxing_cycle,
          minmay_temple_entry_junction, uniq_eustachio
Temple:   corrupted_temple

Skill      XL: |  1  2  3  4  5 |
---------------+----------------+-----
Throwing       | 2 |  2.0
Dodging        | 3 |  3.9
Long Blades    | 3 |  3.9
Fighting       | 3 |  3.6
Invocations    | 1 |  1.3

Action                     |  1- 3 |  4- 6 || total
---------------------------+-------+-------++-------
  Melee: Long sword        |   134 |    85 ||   219
         Punch             |     2 |       ||     2
  Throw: Throwing net      |       |     1 ||     1
   Stab: Sleeping          |     2 |       ||     2
 Armour: Leather armour    |    59 |     4 ||    63
         Scale mail        |       |    45 ||    45
  Dodge: Dodged            |   124 |    61 ||   185
  Block: Other             |     7 |    28 ||    35
         Reflection        |       |     3 ||     3

Table legend: (Time is in decaauts)
 A = Elapsed time spent in this place.
 B = Non-inter-level travel time spent in this place.
 C = Inter-level travel time spent in this place.
 D = Time resting spent in this place.
 E = Time spent auto-exploring this place.
 F = Levels seen in this place.
 G = Mean time per level.
                   A        B        C        D        E       F      G
               +--------+--------+--------+--------+--------+-----+--------+
         Total |   2643 |   2568 |     75 |    218 |   1754 |   5 |  528.6 |
       Dungeon |   2607 |   2544 |     63 |    218 |   1754 |   4 |  651.8 |
        Temple |     35 |     23 |     12 |      0 |      0 |   1 |   35.0 |
               +--------+--------+--------+--------+--------+-----+--------+

Top non-repeatable levels by time:
     D:2: 944 daAuts
     D:3: 699 daAuts
     D:1: 621 daAuts
     D:4: 341 daAuts
  Temple: 35 daAuts
